Map: Acropolis LE

Players

luck

  • Race: Terran Terran
  • League: Platinum
  • Spawn Location: 11:00

Woah - Winner!

  • Race: Terran Terran
  • League: Platinum
  • Spawn Location: 5:00

VOD

Have the link to the VOD?

Description

Time

  • Played on: June 12, 2019, 2:27 a.m.
  • Length: 13:14
Show
View Real Time Build Order
Export as new Build Order

luck Terran 

Build Orders:  

Get SALT Encoding   

  12  0:02  SCV  
  14  0:14  SCV  
  14  0:21  Supply Depot  
  14  0:27  SCV  
  15  0:34  Refinery  
  15  0:45  Barracks  
  15  0:46  SCV  
  16  0:54  Refinery  
  16  0:59  SCV  
  17  1:11  SCV  
  18  1:24  SCV  
  19  1:36  Factory  
  19  1:38  Orbital Command  
  19  1:47  Marine  
  20  1:57  Supply Depot  
  20  2:04  SCV  
  21  2:20  SCV  
  22  2:24  Factory Tech Lab  
  22  2:41  Starport  
  22  2:44  Siege Tank  
  22  2:46  SCV  
  26  2:57  Command Center  
  26  3:02  SCV  
  27  3:14  SCV  
  27  3:16  Marine  
  29  3:26  Starport Tech Lab  
  29  3:35  Fusion Core  
  29  3:42  Supply Depot  
  29  3:45  SCV  
  30  3:57  SCV  
  31  4:08  Engineering Bay  
  31  4:11  Supply Depot  
  31  4:17  Orbital Command  
  31  4:22  Battlecruiser  
  37  4:27  Weapon Refit  
  37  4:31  Siege Tank  
  40  4:38  Missile Turret  
  40  4:43  Marine  
  41  4:46  SCV  
  41  4:50  SCV  
  43  4:59  Armory  
  43  5:11  Marine  
  44  5:19  Barracks  
  44  5:29  Marine  
  45  5:46  Marine  
  45  5:49  Supply Depot  
  46  6:19  Battlecruiser  
  52  6:26  Terran Vehicle And Ship Armor Level 1  
  52  6:29  Barracks Tech Lab  
  52  6:31  Barracks Reactor  
  52  6:38  Orbital Command  
  52  6:41  Bunker  
  52  6:45  Barracks  
  52  6:48  Missile Turret  
  52  6:55  Siege Tank  
  52  6:57  Marine  
  56  7:04  SCV  
  56  7:07  SCV  
  58  7:12  Bunker, Refinery  
  58  7:15  Marine x2  
  58  7:16  SCV, Marine  
  58  7:19  SCV  
  63  7:32  SCV  
  63  7:33  Marine, Supply Depot  
  65  7:38  Refinery  
Show
View Real Time Build Order
Export as new Build Order

Woah Terran - Winner!

Build Orders:  

Get SALT Encoding   

  12  0:01  SCV  
  13  0:13  SCV  
  14  0:17  Supply Depot  
  14  0:25  SCV  
  14  0:27  Refinery  
  15  0:39  SCV  
  16  0:45  Barracks  
  16  0:53  Refinery  
  16  0:56  SCV  
  17  1:08  SCV  
  18  1:32  Factory  
  19  1:33  Orbital Command  
  19  1:38  Reaper  
  19  1:50  Supply Depot  
  19  2:04  SCV  
  20  2:12  Reaper  
  20  2:22  SCV  
  21  2:26  Hellion  
  23  2:34  SCV  
  24  2:46  Command Center  
  24  2:51  Barracks Tech Lab  
  24  2:53  Factory Tech Lab  
  24  2:56  SCV  
  25  3:05  Starport  
  25  3:13  Cyclone  
  25  3:19  SCV  
  29  3:22  Barracks Reactor  
  29  3:43  Engineering Bay  
  29  3:49  Barracks  
  29  3:50  SCV, Starport Reactor  
  30  4:02  Orbital Command  
  30  4:04  SCV  
  30  4:08  Marine  
  30  4:09  Marine  
  33  4:16  SCV  
  34  4:27  Missile Turret  
  34  4:28  Missile Turret  
  34  4:32  SCV  
  34  4:34  SCV  
  34  4:37  Stimpack  
  36  4:45  Missile Turret  
  36  4:47  SCV  
  36  4:49  Missile Turret  
  37  5:01  Viking x2  
  41  5:08  Barracks  
  41  5:10  SCV  
  42  5:17  Armory, SCV  
  42  5:19  Marine  
  42  5:21  Marine  
  45  5:22  Marine  
  46  5:36  SCV x2  
  46  5:57  Viking, Marine  
  46  6:25  Command Center  
  46  6:27  Starport  
  46  6:36  Barracks Reactor  
  46  6:38  Barracks  
  46  6:40  Terran Infantry Weapons Level 1  
  46  6:42  Engineering Bay  
  46  6:43  Supply Depot  
  46  6:46  Viking, SCV x2  
  50  6:48  Refinery  
  50  6:50  Refinery  
  50  6:52  Siege Tank  
  53  6:57  Combat Shield  
  53  6:58  SCV  
  54  7:04  SCV  
  55  7:10  SCV  
  56  7:16  SCV, Starport Tech Lab  
  56  7:22  Terran Ship Weapons Level 1  
  57  7:23  Marine  
  57  7:24  Marine x4  
  57  7:28  Barracks Reactor  
  57  7:29  Barracks  
  62  7:30  Starport Reactor, Supply Depot  
  62  7:37  SCV  
  62  7:40  Terran Infantry Armor Level 1  
  62  7:41  Marine x2  
  65  7:54  Missile Turret  
  65  7:56  Barracks  
  65  7:57  Marine  
  66  7:59  Missile Turret x2  
  66  8:03  SCV x2, Missile Turret  
  68  8:15  SCV  
  68  8:17  Barracks Reactor  
  68  8:18  Orbital Command  
  69  8:29  Refinery x2  
  69  8:32  SCV  
  69  8:33  SCV  
  71  8:36  Viking x2  
  75  8:44  SCV  
  75  8:45  SCV  
  75  8:48  SCV  
  78  8:57  SCV, Supply Depot x2  
  79  9:05  Viking  
  79  9:09  Terran Infantry Weapons Level 2, Command Center  
  81  9:12  Medivac  
  81  9:15  Viking  
  85  9:42  Siege Tank  
  85  9:43  Marine  
  85  9:44  Marine x9  
  98  9:50  Viking, Factory  
  98  9:51  Factory  
  100  10:01  Marine  
  101  10:20  Viking, Marine x10  
  113  10:23  Viking  
  113  10:25  Orbital Command  
  115  10:39  Marine  
  116  10:43  Factory Tech Lab  
  116  10:44  Factory Tech Lab  
  116  11:38  Viking  
  116  11:40  Supply Depot  
  116  11:46  Barracks Reactor  
  116  11:47  Medivac, Marine x6  
  124  12:01  Medivac x2  
  124  12:08  Medivac  
  97  12:44  Marine x2  
  97  12:45  Marine x9  
Tags
 
Matchup
TvT
Race
Terran
Replay Pack
r1
Spawn Locations
Cross Positions
Add a new tag
Caveats
  • Supply blocks, unpowered buildings, or Contaminate may cause inaccurate times.
  • Supply counts are checked every 10 seconds.